TOP OF THE 1ST |
Chesapeake Continentals batting - Pitching for Lake Minnetonka Love Boats : RHP Dylan Telford
|
Pitching: RHP Dylan Telford
|
|
Batting: RHB Wes Griffith
|
0-0: Called Strike 0-1: Swinging Strike 0-2: Ball 1-2: Foul Ball, location: 2F 1-2: Strikes out looking
|
Batting: RHB Mark Sawyer
|
0-0: Ball 1-0: Called Strike 1-1: Ball 2-1: Foul Ball, location: 2F 2-2: Foul Ball, location: 2F 2-2: Foul Ball, location: 2F 2-2: Ball 3-2: Strikes out looking
|
Batting: RHB Santiago Valentín
|
0-0: Ball 1-0: Ball 2-0: Foul Ball, location: 2F 2-1: Ball 3-1: Swinging Strike 3-2: Foul Ball, location: 2F 3-2: Fly out, F4 (Popup, 3D)
|
Top of the 1st over - 0 runs, 0 hits, 0 errors, 0 left on base; Chesapeake 0 - Lake Minnetonka 0 |
BOTTOM OF THE 1ST |
Lake Minnetonka Love Boats batting - Pitching for Chesapeake Continentals : RHP Ren-qing Weng
|
Pitching: RHP Ren-qing Weng
|
|
Batting: LHB Tom Haymon
|
0-0: Swinging Strike 0-1: Ball 1-1: Ball 2-1: Ball 3-1: Foul Ball, location: 2F 3-2: Base on Balls
|
Batting: RHB Guillermo Carrizales
|
0-0: Ball 1-0: Foul Ball, location: 2F 1-1: Ball 2-1: Fielders Choice at 2nd, 6-4 (Groundball, 6)
|
Batting: RHB Mario van Heijbeeck
|
0-0: Ball 1-0: Ball 2-0: Foul Ball, location: 2F 2-1: Fly out, F8 (Flyball, 8RM)
|
Batting: RHB Michael Sweeney
|
0-0: Ball 1-0: Ball Guillermo Carrizales is caught stealing 2nd base
|
Bottom of the 1st over - 0 runs, 0 hits, 0 errors, 0 left on base; Chesapeake 0 - Lake Minnetonka 0 |
TOP OF THE 2ND |
Chesapeake Continentals batting - Pitching for Lake Minnetonka Love Boats : RHP Dylan Telford
|
Batting: RHB Manuel Ángel
|
0-0: Ball 1-0: Swinging Strike 1-1: Ball 2-1: Foul Ball, location: 2F 2-2: Strikes out swinging
|
Batting: RHB Obi Jones
|
0-0: Ball 1-0: Ground out 5-3 (Groundball, 56)
|
Batting: RHB Jim MacRach
|
0-0: Reached on error, E5 (Groundball, 56S)
|
Batting: RHB Júlio Costa
|
0-0: Ball 1-0: Ball 2-0: Foul Ball, location: 2F 2-1: Called Strike 2-2: Ball 3-2: Base on Balls
|
Batting: RHB Shou-chien Luo
|
0-0: Called Strike 0-1: Hit by Pitch Jim MacRach to third Júlio Costa to second
|
Batting: RHB Maurício Calabaa
|
0-0: Ball 1-0: Ball 2-0: Foul Ball, location: 2F 2-1: Ball 3-1: Base on Balls Jim MacRach scores Júlio Costa to third Shou-chien Luo to second
|
Batting: RHB Wes Griffith
|
0-0: Ball 1-0: Ball 2-0: Ball 3-0: Called Strike 3-1: Base on Balls Júlio Costa scores Shou-chien Luo to third Maurício Calabaa to second
|
Batting: RHB Mark Sawyer
|
0-0: Called Strike 0-1: Foul Ball, location: 2F 0-2: Ball 1-2: Ball 2-2: SINGLE (Line Drive, 6MD) Shou-chien Luo scores Maurício Calabaa to third Wes Griffith to second Runner from 3rd tries for Home, SAFE, throw made home
|
Batting: RHB Santiago Valentín
|
0-0: Swinging Strike 0-1: Fielders Choice at 2nd, 6-4 (Groundball, 6)
|
Top of the 2nd over - 4 runs, 1 hit, 1 error, 2 left on base; Chesapeake 4 - Lake Minnetonka 0 |
BOTTOM OF THE 2ND |
Lake Minnetonka Love Boats batting - Pitching for Chesapeake Continentals : RHP Ren-qing Weng
|
Batting: RHB Michael Sweeney
|
0-0: Ground out 5-3 (Groundball, 5)
|
Batting: SHB Tommy Dreamer
|
0-0: Ball 1-0: Swinging Strike 1-1: Ball 2-1: Swinging Strike 2-2: Strikes out looking
|
Batting: RHB Hatui Haunani
|
0-0: Ball 1-0: SINGLE (Groundball, 6S) (infield hit)
|
Batting: RHB Francisco Guerra
|
0-0: Ball 1-0: Ball 2-0: Ball 3-0: Called Strike 3-1: Ground out 4-3 (Groundball, 4)
|
Bottom of the 2nd over - 0 runs, 1 hit, 0 errors, 1 left on base; Chesapeake 4 - Lake Minnetonka 0 |
TOP OF THE 3RD |
Chesapeake Continentals batting - Pitching for Lake Minnetonka Love Boats : RHP Dylan Telford
|
Batting: RHB Manuel Ángel
|
0-0: Swinging Strike 0-1: Ball 1-1: Called Strike 1-2: Strikes out swinging, 2-3 out at first.
|
Batting: RHB Obi Jones
|
0-0: Foul Ball, location: 2F 0-1: Ball 1-1: Called Strike 1-2: Fly out, F4 (Line Drive, 4)
|
Batting: RHB Jim MacRach
|
0-0: Called Strike 0-1: Ball 1-1: Foul Ball, location: 2F 1-2: Ball 2-2: Foul Ball, location: 2F 2-2: Strikes out swinging
|
Top of the 3rd over - 0 runs, 0 hits, 0 errors, 0 left on base; Chesapeake 4 - Lake Minnetonka 0 |
BOTTOM OF THE 3RD |
Lake Minnetonka Love Boats batting - Pitching for Chesapeake Continentals : RHP Ren-qing Weng
|
Batting: RHB Mike Bean
|
0-0: Ball 1-0: Called Strike 1-1: Ball 2-1: Ball 3-1: Ground out 3-1 (Groundball, 34S)
|
Batting: RHB Yoshii Saikawa
|
0-0: Ball 1-0: Called Strike 1-1: Called Strike 1-2: Foul Ball, location: 2F 1-2: Ball 2-2: Foul Ball, location: 2F 2-2: Ball 3-2: Foul Ball, location: 2F 3-2: Strikes out swinging
|
Batting: LHB Tom Haymon
|
0-0: Ground out 3-1 (Groundball, 34)
|
Bottom of the 3rd over - 0 runs, 0 hits, 0 errors, 0 left on base; Chesapeake 4 - Lake Minnetonka 0 |
TOP OF THE 4TH |
Chesapeake Continentals batting - Pitching for Lake Minnetonka Love Boats : RHP Dylan Telford
|
Batting: RHB Júlio Costa
|
0-0: Ball 1-0: Ball 2-0: Ball 3-0: Base on Balls
|
Batting: RHB Shou-chien Luo
|
0-0: Ball 1-0: Ball 2-0: Ball 3-0: Called Strike 3-1: Foul Ball, location: 2F 3-2: Foul Ball, location: 2F 3-2: Base on Balls Júlio Costa to second
|
Batting: RHB Maurício Calabaa
|
0-0: Ball 1-0: Ball 2-0: Called Strike 2-1: SINGLE (Groundball, 34D) Júlio Costa to third Shou-chien Luo to second Runner from 3rd tries for Home, SAFE, no throw
|
Batting: RHB Wes Griffith
|
0-0: Ball 1-0: Lines into TRIPLE play, 6-4-3 (Line Drive, 6MD)
|
Top of the 4th over - 1 run, 1 hit, 0 errors, 0 left on base; Chesapeake 5 - Lake Minnetonka 0 |
BOTTOM OF THE 4TH |
Lake Minnetonka Love Boats batting - Pitching for Chesapeake Continentals : RHP Ren-qing Weng
|
Batting: RHB Guillermo Carrizales
|
0-0: Ball 1-0: Ball 2-0: Ground out 6-3 (Groundball, 6)
|
Batting: RHB Mario van Heijbeeck
|
0-0: Called Strike 0-1: Foul Ball, location: 2F 0-2: Ground out 6-3 (Groundball, 6M)
|
Batting: RHB Michael Sweeney
|
0-0: Ground out U3 (Groundball, 3)
|
Bottom of the 4th over - 0 runs, 0 hits, 0 errors, 0 left on base; Chesapeake 5 - Lake Minnetonka 0 |
TOP OF THE 5TH |
Chesapeake Continentals batting - Pitching for Lake Minnetonka Love Boats : RHP Dylan Telford
|
Batting: RHB Mark Sawyer
|
0-0: Ball 1-0: Ball 2-0: Ball 3-0: Called Strike 3-1: Foul Ball, location: 2F 3-2: Base on Balls
|
Batting: RHB Santiago Valentín
|
0-0: Called Strike 0-1: Ball 1-1: Ball 2-1: Called Strike 2-2: Strikes out swinging
|
Batting: RHB Manuel Ángel
|
0-0: Called Strike 0-1: Called Strike 0-2: Strikes out swinging
|
Batting: RHB Obi Jones
|
0-0: Ball 1-0: Called Strike 1-1: Called Strike 1-2: Fly out, F8 (Flyball, 8RS)
|
Top of the 5th over - 0 runs, 0 hits, 0 errors, 1 left on base; Chesapeake 5 - Lake Minnetonka 0 |
BOTTOM OF THE 5TH |
Lake Minnetonka Love Boats batting - Pitching for Chesapeake Continentals : RHP Ren-qing Weng
|
Batting: SHB Tommy Dreamer
|
0-0: Ball 1-0: Called Strike 1-1: Called Strike 1-2: Ball 2-2: Fly out, F5 (Popup, 56)
|
Batting: RHB Hatui Haunani
|
0-0: Ball 1-0: Ball 2-0: Fly out, F7 (Flyball, 7D)
|
Batting: RHB Francisco Guerra
|
0-0: Swinging Strike 0-1: Called Strike 0-2: Ball 1-2: Foul Ball, location: 2F 1-2: Fly out, F1 (Line Drive, 13)
|
Bottom of the 5th over - 0 runs, 0 hits, 0 errors, 0 left on base; Chesapeake 5 - Lake Minnetonka 0 |
TOP OF THE 6TH |
Chesapeake Continentals batting - Pitching for Lake Minnetonka Love Boats : RHP Dylan Telford
|
Pitching: RHP Kostenka Jarovtsev
|
|
Batting: RHB Jim MacRach
|
0-0: Called Strike 0-1: Foul Ball, location: 2F 0-2: Foul Ball, location: 2F 0-2: Foul Ball, location: 2F 0-2: Ball 1-2: Ground out 6-3 (Groundball, 6)
|
Batting: RHB Júlio Costa
|
0-0: Ball 1-0: Ground out 6-3 (Groundball, 6M)
|
Batting: RHB Shou-chien Luo
|
0-0: Called Strike 0-1: Foul Ball, location: 2F 0-2: Foul Ball, location: 2F 0-2: Ball 1-2: Strikes out swinging
|
Top of the 6th over - 0 runs, 0 hits, 0 errors, 0 left on base; Chesapeake 5 - Lake Minnetonka 0 |
BOTTOM OF THE 6TH |
Lake Minnetonka Love Boats batting - Pitching for Chesapeake Continentals : RHP Ren-qing Weng
|
Batting: RHB Mike Bean
|
0-0: SINGLE (Line Drive, 9LS)
|
Batting: RHB Yoshii Saikawa
|
0-0: Swinging Strike 0-1: Ball 1-1: Called Strike 1-2: Foul Ball, location: 2F 1-2: Fielders Choice at 2nd, 6-4 (Groundball, 6)
|
Batting: LHB Tom Haymon
|
0-0: Ball 1-0: Ball 2-0: Called Strike 2-1: Foul Ball, location: 2F 2-2: Foul Ball, location: 2F 2-2: Ball 3-2: Fly out, F3 (Popup, 34S)
|
Batting: RHB Guillermo Carrizales
|
0-0: Called Strike 0-1: Ball 1-1: Swinging Strike 1-2: Strikes out swinging
|
Bottom of the 6th over - 0 runs, 1 hit, 0 errors, 1 left on base; Chesapeake 5 - Lake Minnetonka 0 |
TOP OF THE 7TH |
Chesapeake Continentals batting - Pitching for Lake Minnetonka Love Boats : RHP Kostenka Jarovtsev
|
Batting: RHB Maurício Calabaa
|
0-0: Ball 1-0: Swinging Strike 1-1: Ball 2-1: Ground out 4-3 (Groundball, 4MS)
|
Batting: RHB Wes Griffith
|
0-0: Called Strike 0-1: Swinging Strike 0-2: Ball 1-2: Strikes out swinging
|
Batting: RHB Mark Sawyer
|
0-0: Ball 1-0: Ball 2-0: SINGLE (Line Drive, 6M)
|
Batting: RHB Santiago Valentín
|
0-0: Ball 1-0: Foul Ball, location: 2F 1-1: Swinging Strike 1-2: Fielders Choice at 2nd, 6-4 (Groundball, 6D)
|
Top of the 7th over - 0 runs, 1 hit, 0 errors, 1 left on base; Chesapeake 5 - Lake Minnetonka 0 |
BOTTOM OF THE 7TH |
Lake Minnetonka Love Boats batting - Pitching for Chesapeake Continentals : RHP Ren-qing Weng
|
Batting: RHB Mario van Heijbeeck
|
0-0: Swinging Strike 0-1: Ball 1-1: Ball 2-1: Ball 3-1: Base on Balls
|
Batting: RHB Michael Sweeney
|
0-0: Swinging Strike 0-1: Ball 1-1: Called Strike 1-2: Ball 2-2: Ball 3-2: Foul Ball, location: 2F 3-2: Foul Ball, location: 2F 3-2: SINGLE (Groundball, 6MD) Mario van Heijbeeck to second
|
Batting: SHB Tommy Dreamer
|
0-0: Called Strike 0-1: Fielders Choice at 2nd, 3-6 (Groundball, 34D) Mario van Heijbeeck to third
|
Batting: RHB Hatui Haunani
|
0-0: Called Strike 0-1: Ball 1-1: Called Strike 1-2: Grounds into double play, 6-4-3 (Groundball, 6)
|
Bottom of the 7th over - 0 runs, 1 hit, 0 errors, 1 left on base; Chesapeake 5 - Lake Minnetonka 0 |
TOP OF THE 8TH |
Chesapeake Continentals batting - Pitching for Lake Minnetonka Love Boats : RHP Kostenka Jarovtsev
|
Batting: RHB Manuel Ángel
|
0-0: Ball 1-0: SINGLE (Groundball, 6MD)
|
Batting: RHB Obi Jones
|
0-0: Called Strike Manuel Ángel steals 2nd base 0-1: Called Strike 0-2: Ball 1-2: Strikes out looking
|
Batting: RHB Jim MacRach
|
0-0: Ball 1-0: Ball 2-0: Ball 3-0: Called Strike 3-1: Foul Ball, location: 2F 3-2: Base on Balls
|
Batting: RHB Júlio Costa
|
0-0: Ball 1-0: Swinging Strike 1-1: SINGLE (Line Drive, 4M) Manuel Ángel to third Jim MacRach to second
|
Batting: RHB Shou-chien Luo
|
0-0: Ball 1-0: SINGLE (Flyball, 78M) Manuel Ángel scores Jim MacRach to third Júlio Costa to second Runner from 3rd tries for Home, SAFE, no throw
|
Batting: RHB Maurício Calabaa
|
0-0: Ball 1-0: Foul Ball, location: 2F 1-1: Foul Ball, location: 2F 1-2: Ball 2-2: Fly out, F8 (Flyball, 8LM)
|
Batting: RHB Wes Griffith
|
0-0: Ball 1-0: DOUBLE (Line Drive, 7LM) Júlio Costa scores Shou-chien Luo to third
|
Batting: RHB Mark Sawyer
|
0-0: Ball 1-0: SINGLE (Groundball, 56D) Shou-chien Luo scores Wes Griffith to third Runner from 3rd tries for Home, SAFE, throw made home
|
Batting: RHB Santiago Valentín
|
0-0: Fielders Choice at 2nd, 5-4 (Groundball, 5)
|
Top of the 8th over - 5 runs, 5 hits, 0 errors, 1 left on base; Chesapeake 10 - Lake Minnetonka 0 |
BOTTOM OF THE 8TH |
Lake Minnetonka Love Boats batting - Pitching for Chesapeake Continentals : RHP Ren-qing Weng
|
Pitching: LHP Bu-wei Law
|
|
Now at SS: Holden Nolan
|
|
Pinch Hitting: RHB Álex Cordero
|
0-0: Ball 1-0: Called Strike 1-1: Ball 2-1: Ball 3-1: Ground out 5-3 (Groundball, 56)
|
Batting: RHB Mike Bean
|
0-0: Ball 1-0: Foul Ball, location: 2F 1-1: Swinging Strike 1-2: Strikes out swinging
|
Batting: RHB Yoshii Saikawa
|
0-0: Foul Ball, location: 2F 0-1: Called Strike 0-2: Ball 1-2: Foul Ball, location: 2F 1-2: Foul Ball, location: 2F 1-2: Ground out U3 (Groundball, 34)
|
Bottom of the 8th over - 0 runs, 0 hits, 0 errors, 0 left on base; Chesapeake 10 - Lake Minnetonka 0 |
TOP OF THE 9TH |
Chesapeake Continentals batting - Pitching for Lake Minnetonka Love Boats : RHP Kostenka Jarovtsev
|
Pitching: RHP Pancho Mastache
|
|
Now at 1B: Mike Waddingham
|
|
Batting: RHB Manuel Ángel
|
0-0: Ball 1-0: Ball 2-0: Ball 3-0: Called Strike 3-1: Foul Ball, location: 2F 3-2: Foul Ball, location: 2F 3-2: Foul Ball, location: 2F 3-2: TRIPLE (Line Drive, 7D)
|
Batting: RHB Obi Jones
|
0-0: Fly out, F7 (Flyball, 7) Runner from 3rd tags up, SCORES, throw made
|
Batting: RHB Jim MacRach
|
0-0: Ball 1-0: Ball 2-0: Called Strike 2-1: Ground out 4-3 (Groundball, 4M)
|
Batting: RHB Júlio Costa
|
0-0: Swinging Strike 0-1: Ball 1-1: Ball 2-1: Ball 3-1: Foul Ball, location: 2F 3-2: Fly out, F9 (Flyball, 89M)
|
Top of the 9th over - 1 run, 1 hit, 0 errors, 0 left on base; Chesapeake 11 - Lake Minnetonka 0 |
BOTTOM OF THE 9TH |
Lake Minnetonka Love Boats batting - Pitching for Chesapeake Continentals : LHP Bu-wei Law
|
Batting: LHB Tom Haymon
|
0-0: Ball 1-0: Swinging Strike 1-1: Called Strike 1-2: Ball 2-2: Ball 3-2: Ground out 4-3 (Groundball, 34D)
|
Batting: RHB Guillermo Carrizales
|
0-0: Reached on error, E5 (Groundball, 5)
|
Batting: RHB Mario van Heijbeeck
|
0-0: Foul Ball, location: 2F 0-1: Ball 1-1: Fly out, F9 (Line Drive, 9S)
|
Batting: RHB Michael Sweeney
|
0-0: Foul Ball, location: 2F 0-1: Foul Ball, location: 2F 0-2: Strikes out looking
|
Bottom of the 9th over - 0 runs, 0 hits, 1 error, 1 left on base; Chesapeake 11 - Lake Minnetonka 0 |
|